 Dungeon Crawl Stone Soup version 0.22-a0-571-g4a923d4 (webtiles) character file.

2358 George the Carver (level 9, -4/73 HPs)
             Began as a Minotaur Fighter on July 1, 2018.
             Was a Follower of Okawaru.
             Slain by an orc warrior
             ... wielding a +0 battleaxe
              (14 damage)
             ... on level 7 of the Dungeon.
             The game lasted 00:12:25 (7734 turns).

George the Carver (Minotaur Fighter)                Turns: 7734, Time: 00:12:25

Health: -4/73      AC: 11    Str: 23    XL:     9   Next: 20%
Magic:  9/9        EV:  8    Int:  5    God:    Okawaru [*.....]
Gold:   87         SH:  0    Dex: 11    Spells: 8/8 levels left

rFire    . . .     SeeInvis .   w - +0 great sword
rCold    . . .     Gourm    .   (shield currently unavailable)
rNeg     . . .     Faith    .   F - +0 chain mail
rPois    +         Spirit   .   m - +0 hat
rElec    .         Reflect  .   q - +0 cloak
rCorr    .         Harm     .   z - +0 pair of gloves
MR       .....                  (no boots)
Stlth    ..........             (no amulet)
HPRegen  0.22/turn              v - ring of poison resistance
MPRegen  0.11/turn              (no ring)

@: heavily drained
A: retaliatory headbutt, horns 2
a: Heroism, Renounce Religion


You were on level 7 of the Dungeon.
You worshipped Okawaru.
Okawaru was aware of your devotion.
You were very hungry.

You visited 2 branches of the dungeon, and saw 8 of its levels.
You also visited: Sewer.

You collected 203 gold pieces.
You spent 116 gold pieces at shops.

Inventory:

Hand Weapons
 a - a +0 long sword
 w - a +0 great sword (weapon)
 C - a +3 rapier of venom
Armour
 c - a +0 shield
 m - a +0 hat (worn)
 q - a +0 cloak (worn)
 z - a +0 pair of gloves (worn)
 F - a +0 chain mail (worn)
Jewellery
 o - a +5 ring of evasion {unknown}
 v - a ring of poison resistance (left hand)
Wands
 j - a wand of clouds (5)
Scrolls
 g - 3 scrolls of remove curse
 h - 9 scrolls of fear
 k - 4 scrolls of magic mapping
 l - 3 scrolls of enchant armour
 p - 2 scrolls of fog
 u - 3 scrolls of teleportation {unknown}
 x - a scroll of enchant weapon {unknown}
 y - 2 scrolls of noise {unknown}
 D - a scroll of identify
Potions
 d - 5 potions of might
 e - 8 potions of curing
 i - 2 potions of mutation
 n - 2 potions of haste
 r - a potion of flight
 s - 3 potions of agility
 t - 2 potions of heal wounds
 A - a potion of berserk rage
 B - 2 potions of brilliance {unknown}
 E - a potion of invisibility {unknown}
Comestibles
 f - 12 rations


   Skills:
 + Level 4.9(3.3) Fighting
 + Level 12.9(11.0) Long Blades
 + Level 4.9(3.4) Armour
 + Level 2.7(1.3) Dodging
 - Level 3.6(2.1) Shields
 + Level 2.4(1.0) Invocations


You had 8 spell levels left.
You didn't know any spells.
Your spell library contained the following spells:

 Spells                   Type           Power        Failure   Level  Hunger
 Summon Small Mammal      Summ           #...         99%         1    ##.....
 Summon Ice Beast         Ice/Summ       #.......     100%        4    #####..
 Call Imp                 Summ           #.......     99%         2    ###....
 Call Canine Familiar     Summ           #.......     100%        3    ####...
 Summon Lightning Spire   Summ/Air       #.......     100%        4    #####..
 Summon Guardian Golem    Hex/Summ       #.......     100%        3    ####...


Dungeon Overview and Level Annotations

Branches:
Dungeon (7/15)             Temple (1/1) D:6

Altars:
Ashenzari
Cheibriados
Dithmenos
Elyvilon
Fedhas
Gozag
Hepliaklqana
Kikubaaqudgha
Makhleb
Nemelex Xobeh
Okawaru
Qazlal
Ru
Sif Muna
Trog
Uskayaw
Vehumet
Wu Jian
Xom
Yredelemnul
Zin
The Shining One

Shops:
D:4 !   D:5 ?(


Innate Abilities, Weirdness & Mutations

You reflexively headbutt those who attack you in melee.
You have a pair of horns on your head.


Message History

The wight hits you from afar with a halberd.
* * * LOW HITPOINT WARNING * * *
An orc warrior comes into view. It is wielding a battleaxe.
The wight completely misses you. You furiously retaliate!
You headbutt the wight.
You riposte.
You slice the wight!!
You destroy the wight!
Okawaru accepts your kill.
Things that are here:
an enchanted dire flail; a robe
Things that are here:
a halberd; a robe An orc wizard comes into view.
It is wielding a dagger.
The orc wizard shouts!
An orc priest comes into view. It is wielding a flail.
The orc priest shouts!
The orc priest calls down the wrath of Beogh upon you.
Beogh smites you!
* * * LOW HITPOINT WARNING * * *
The orc warrior hits you with a battleaxe!
You die...

,,****,,,,,,,** ##.....#
*,,,,,,,*,**** #......#
*>,,,,,,,,* #####..._..##*
**,,,,,,,** ##............#*
**,,,,,,** ##.......%......**
**,,,,,,* #.....))).......,*
**,,,,,,* #.....)..<......,*
**,,,,,,* #........?......,*
**,,,,,,* #....@>........,,*
**,,,,,,** #....o.........,,*
**,,,,,,,* #..............,,*
********,**##..........)..,**
*,,,.o......##....,**
*,,.#.##.####*####**
*,.,..,..* *,,o.∩,..*
*,,,,,,*,*


You could see an orc warrior, an orc priest and an orc wizard.

Vanquished Creatures
  Duvessa (D:6)
  An ice beast (D:3)
  3 ogres
  6 centaurs
  2 bullfrogs (Sewer)
  Blork the orc (D:6)
  Dowan (D:6)
  A scorpion (D:5)
  A water moccasin skeleton (D:5)
  5 wights (D:7)
  A howler monkey (D:4)
  2 crimson imps
  A jelly (D:6)
  A hound (D:6)
  2 orc priests (D:6)
  A bullfrog zombie (D:6)
  2 gnoll shamans
  2 iguanas
  An orc wizard (D:6)
  4 worker ants
  12 gnolls
  2 river rats (Sewer)
  10 adders
  A shadow imp (D:4)
  2 oozes (Sewer)
  2 worms
  2 dart slugs
  9 leopard geckos
  8 orcs
  10 bats
  4 giant cockroaches
  12 goblins
  4 hobgoblins
  10 jackals
  13 ball pythons
  10 frilled lizards
  A jackal zombie (D:6)
  4 kobolds
  30 rats
185 creatures vanquished.

Notes
Turn   | Place    | Note
-------+----------+-------------------------------------------
     0 | D:1      | George the Minotaur Fighter began the quest for the Orb.
     0 | D:1      | Reached XP level 1. HP: 19/19 MP: 0/0
    37 | D:1      | Reached skill level 3 in Long Blades
    62 | D:1      | Reached XP level 2. HP: 16/26 MP: 1/1
   419 | D:1      | Reached skill level 4 in Long Blades
   644 | D:2      | Reached XP level 3. HP: 27/31 MP: 2/2
  1135 | D:1      | Reached skill level 5 in Long Blades
  1360 | D:2      | Reached XP level 4. HP: 39/39 MP: 3/3
  1472 | D:3      | Noticed an ice beast
  1768 | D:3      | Killed an ice beast
  1768 | D:3      | Reached skill level 6 in Long Blades
  1768 | D:3      | Reached XP level 5. HP: 30/45 MP: 4/4
  1928 | D:3      | Reached skill level 7 in Long Blades
  2490 | D:4      | Found Piraplun's Distillery.
  2720 | D:3      | Reached XP level 6. HP: 10/51 MP: 5/5
  3065 | D:4      | Reached skill level 8 in Long Blades
  3166 | D:4      | Bought a potion of curing for 39 gold pieces
  3455 | D:4      | Reached skill level 9 in Long Blades
  3457 | D:4      | Reached XP level 7. HP: 50/57 MP: 6/6
  3812 | D:5      | Entered Level 5 of the Dungeon
  3939 | D:5      | Reached skill level 10 in Long Blades
  4113 | D:5      | Reached skill level 11 in Long Blades
  4307 | D:5      | Reached XP level 8. HP: 33/64 MP: 7/7
  4717 | D:5      | Found Mara's Antique Weapon Shoppe.
  4826 | D:5      | Found Akoc's Magic Scroll Emporium.
  4829 | D:5      | Bought a scroll of identify for 28 gold pieces
  4829 | D:5      | Bought a scroll of magic mapping for 49 gold pieces
  5012 | D:6      | Found a glowing drain.
  5077 | Sewer    | Entered a sewer
  5482 | Sewer    | Reached skill level 12 in Long Blades
  5865 | D:6      | Found a staircase to the Ecumenical Temple.
  5889 | Temple   | Entered the Ecumenical Temple
  6131 | Temple   | Became a worshipper of Warmaster Okawaru
  6190 | D:6      | Found a hazy altar of Hepliaklqana.
  6208 | D:6      | Noticed Blork the orc
  6220 | D:6      | Killed Blork the orc
  6221 | D:6      | Reached skill level 1 in Dodging
  6221 | D:6      | Reached skill level 1 in Invocations
  6636 | D:6      | Noticed Dowan
  6645 | D:6      | Noticed Duvessa
  6655 | D:6      | Killed Duvessa
  6663 | D:6      | Killed Dowan
  6948 | D:6      | Reached XP level 9. HP: 11/72 MP: 9/9
  7709 | D:7      | Found a hazy altar of Hepliaklqana.
  7723 | D:7      | Reached * piety under Okawaru
  7734 | D:7      | Slain by an orc warrior

Vault maps used:
D:1:      dpeg_arrival_long_road, serial_forest, infiniplex_forest_lined_room_,
          infiniplex_forest_clump_double, infiniplex_forest_lined_3,
          infiniplex_forest_end_3, minmay_misc_feat_pillars
D:2:      first_ration, minmay_pentomino_o4
D:4:      serial_shops, shop
D:5:      serial_shops, kennysheep_mini_moat, nicolae_shop_window_shopping
D:6:      kennysheep_little_box, minmay_temple_entry_glassed_door,
          cheibrodos_sewer_entry_sluice, kennysheep_potato, uniq_duvessa,
          uniq_blork_the_orc
D:7:      basic_altar, nicolae_ossuary_entry_ruins
Temple:   roderic_octagonal_lattice_temple
Sewer:    sewer_minmay_w

Skill      XL: |  1  2  3  4  5  6  7  8  9 |
---------------+----------------------------+-----
Long Blades    | 3 4 5 6 7 9 11 12 | 12.9
Fighting       | 4 |  4.9
Armour         | 4 |  4.9
Dodging        | 2 |  2.7
Invocations    | 1 2 |  2.4
Shields        | |  3.6

Action                   |  1- 3 |  4- 6 |  7- 9 || total
-------------------------+-------+-------+-------++-------
Melee: Long sword        |   103 |   138 |     4 ||   245
       Headbutt          |    16 |    28 |    47 ||    91
       Great sword       |       |       |   210 ||   210
  Use: Scroll            |       |       |    12 ||    12
       Potion            |       |       |     1 ||     1
  Eat: Chunk             |     1 |     7 |    13 ||    21
Armor: Scale mail        |    43 |    41 |   142 ||   226
       Chain mail        |       |       |     2 ||     2
Dodge: Dodged            |    33 |    46 |   134 ||   213
Block: Shield            |    71 |    51 |       ||   122
       Rpst.: Long sword |     9 |    15 |     1 ||    25
       Great sword       |       |       |    33 ||    33

Table legend:
 A = Spawn XP
 B = Non-spawn XP
 C = Spawn XP percentage of total XP
 D = Spawn monster count
 E = Non-spawn monster count
 F = Spawn count percentage of total count
 G = Total turns spent on level
                    A         B        C        D         E        F      G
               +---------+---------+-------+---------+---------+-------+---------
         Total |       0 |    3369 |   0.0 |       0 |     185 |   0.0 |  7734
               +---------+---------+-------+---------+---------+-------+---------
           D:1 |       0 |      57 |   0.0 |       0 |      19 |   0.0 |   953
           D:2 |       0 |      68 |   0.0 |       0 |      22 |   0.0 |   730
           D:3 |       0 |     304 |   0.0 |       0 |      23 |   0.0 |  1308
           D:4 |       0 |     419 |   0.0 |       0 |      21 |   0.0 |   821
           D:5 |       0 |     760 |   0.0 |       0 |      15 |   0.0 |  1184
           D:6 |       0 |    1137 |   0.0 |       0 |      31 |   0.0 |  1813
           D:7 |       0 |     299 |   0.0 |       0 |       6 |   0.0 |    37
         Sewer |       0 |     325 |   0.0 |       0 |      48 |   0.0 |   629
               +---------+---------+-------+---------+---------+-------+---------
